[Event "Titled Tuesday Blitz February 22 Early 2022"]
[White "Mekhitarian, Krikor Sevag"]
[Black "Weishaeutel, Moritz"]
[WhiteFideId "2107660"]
[BlackFideId "12967300"]
[WhiteElo "2805"]
[BlackElo "2552"]
[Result "1-0"]
[Round "04"]
[TimeControl "180+1"]
[Date "2022.02.22"]
[WhiteClock "0:00:26"]
[BlackClock "0:00:02"]

1. e4 e6 2. d4 d5 3. Nd2 Nf6 4. Bd3 c5 5. exd5 exd5 6. dxc5 Bxc5 7. Ngf3 O-O 8. O-O Nc6 9. Nb3 Bd6 10. Bg5 h6 11. Bh4 Bg4 12. h3 Bh5 13. c3 Ne5 14. Be2 Ng6 15. Bg3 Bxg3 16. fxg3 Ne7 17. g4 Bg6 18. Nfd4 Ne4 19. Bd3 Nc6 20. Bxe4 Bxe4 21. Qd2 Ne5 22. Rae1 Rc8 23. Nf5 Re8 24. Nbd4 Qb6 25. b3 Rc7 26. Kh2 Rec8 27. Re3 Qa5 28. Nd6 Rd8 29. N6f5 Rdc8 30. a4 Rxc3 31. Ne7+ Kf8 32. Nxc8 Nc4 33. Qxc3 Qc7+ 34. Rg3 Ne3 35. Qxc7 Nxf1+ 36. Kg1 1-0


[Site "https://www.chess.com"]

[Event "Titled Tuesday Blitz February 22 Early 2022"]
[White "Melaugh, Shane"]
[Black "Goryachkina, Aleksandra"]
[WhiteFideId "2509580"]
[BlackFideId "4147103"]
[WhiteElo "2000"]
[BlackElo "2426"]
[Result "0-1"]
[Round "04"]
[TimeControl "180+1"]
[Date "2022.02.22"]
[WhiteClock "0:00:17"]
[BlackClock "0:00:04"]

1. e4 c5 2. c4 Nc6 3. Nc3 g6 4. g3 Bg7 5. Bg2 e6 6. Nge2 Nge7 7. O-O O-O 8. a3 d6 9. Rb1 a5 10. d3 f5 11. Be3 Nd4 12. b4 axb4 13. axb4 Nec6 14. b5 Nxe2+ 15. Nxe2 Nd4 16. Nxd4 cxd4 17. Bd2 Kh8 18. Qb3 e5 19. Ra1 Rxa1 20. Rxa1 Qf6 21. Be1 f4 22. Ra8 f3 23. Bf1 Bg4 24. Rxf8+ Bxf8 25. Bb4 Qe6 26. Qd1 Qf7 27. h3 Be6 28. Qa1 Kg7 29. Qa3 Qd7 30. Kh2 h5 31. b6 Qc6 32. Qa7 g5 33. Ba5 g4 34. Qb8 Be7 35. h4 Bd7 36. Qc7 Qxc7 37. bxc7 Kf7 38. Bb6 Bc8 39. Kg1 Ke6 40. Bg2 fxg2 41. Kxg2 Kd7 42. f3 gxf3+ 43. Kxf3 Kc6 44. Ba5 b6 45. Bd2 Kxc7 46. g4 Bxg4+ 47. Kg3 Kd7 0-1


[Site "https://www.chess.com"]

[Event "Titled Tuesday Blitz February 22 Early 2022"]
[White "Mikhailov, Viacheslav"]
[Black "Estrada Nieto, Julian"]
[WhiteFideId "4187369"]
[BlackFideId "5101018"]
[WhiteElo "2381"]
[BlackElo "2246"]
[Result "1-0"]
[Round "04"]
[TimeControl "180+1"]
[Date "2022.02.22"]
[WhiteClock "0:00:27"]
[BlackClock "0:00:08"]

1. Nf3 d5 2. g3 Nf6 3. Bg2 Bg4 4. O-O c6 5. c4 Nbd7 6. d4 e6 7. Nc3 Be7 8. Bf4 O-O 9. Qb3 Qb6 10. c5 Qa6 11. Rfe1 b6 12. cxb6 axb6 13. e4 dxe4 14. Nxe4 Nxe4 15. Rxe4 Nf6 16. Ree1 Nd5 17. Ne5 Nxf4 18. gxf4 Bf5 19. Nxc6 Bf6 20. a4 h6 21. d5 exd5 22. Qxd5 Bd3 23. Nb4 Qc4 24. Nxd3 Qxd5 25. Bxd5 Rad8 26. Bc4 Rd4 27. Bb5 Rfd8 28. Rad1 g6 29. Kg2 Kg7 30. b3 h5 31. h3 R8d6 32. Nb2 h4 33. Rxd4 Rxd4 34. Nd3 g5 35. fxg5 Bxg5 36. Re5 Bf6 37. Rf5 Rd6 38. Bc4 Kg6 39. Rf3 Rd7 40. Nf4+ Kg5 41. Nd5 Bd4 42. Rd3 Bc5 43. f4+ Kh6 44. b4 Bf8 45. Nxb6 Rc7 46. b5 Bb4 47. Bb3 Rc1 48. Nd5 Bc5 49. Rc3 Rg1+ 50. Kf3 Bd4 51. Rc6+ Kg7 52. Ke4 Bf2 53. Rc7 Rb1 54. Bc4 Re1+ 55. Kf5 Ra1 56. Nf6 Rxa4 57. Rxf7+ Kh6 58. Rh7# 1-0


[Site "https://www.chess.com"]

[Event "Titled Tuesday Blitz February 22 Early 2022"]
[White "Mikhnenko, Alexander"]
[Black "Kadam, Om Manish"]
[WhiteFideId "34143014"]
[BlackFideId "45076294"]
[WhiteElo "2140"]
[BlackElo "1729"]
[Result "0-1"]
[Round "04"]
[TimeControl "180+1"]
[Date "2022.02.22"]
[WhiteClock "0:00:15"]
[BlackClock "0:00:37"]

1. e4 c6 2. d4 d5 3. Nc3 dxe4 4. Nxe4 Bf5 5. Ng3 Bg6 6. c3 e6 7. h4 h6 8. Nh3 Nf6 9. Nf4 Bh7 10. Nfh5 Nxh5 11. Nxh5 Nd7 12. Bc4 Nf6 13. Bf4 Nxh5 14. Qxh5 Bg6 15. Qg4 Bf5 16. Qg3 g6 17. Be5 Rg8 18. O-O Be7 19. h5 Qd7 20. Qf3 O-O-O 21. b4 gxh5 22. a4 Rg4 23. Bd3 Rdg8 24. g3 Bxd3 25. Qxd3 h4 26. Qh7 hxg3 27. fxg3 f6 28. Bf4 Bd6 29. Qxd7+ Kxd7 30. Bxd6 Kxd6 31. Rxf6 Rxg3+ 32. Kf2 Rxc3 33. Re1 Re8 34. Rxh6 Rc4 35. b5 Rxa4 36. bxc6 bxc6 37. Ke3 Rg8 38. Kf2 Rf8+ 39. Kg2 Re8 40. Re4 Kd5 41. Re5+ Kxd4 42. Rg5 Ra2+ 43. Kg1 e5 44. Rd6+ Kc5 45. Rd7 a5 46. Ra7 Kb6 47. Rd7 a4 48. Rdg7 a3 0-1


[Site "https://www.chess.com"]

[Event "Titled Tuesday Blitz February 22 Early 2022"]
[White "Miszler, Levente"]
[Black "Fakhretdinova, Margarita"]
[WhiteFideId "763276"]
[BlackFideId "24103667"]
[WhiteElo "1966"]
[BlackElo "2217"]
[Result "1-0"]
[Round "04"]
[TimeControl "180+1"]
[Date "2022.02.22"]
[WhiteClock "0:01:01"]
[BlackClock "0:00:03"]

1. Nf3 Nf6 2. c4 g6 3. d4 Bg7 4. g3 O-O 5. Bg2 c6 6. O-O d5 7. cxd5 cxd5 8. Nc3 Ne4 9. e3 Nxc3 10. bxc3 Nc6 11. a4 b6 12. Ba3 Bb7 13. Nd2 Na5 14. c4 Re8 15. c5 bxc5 16. Bxc5 Ba6 17. Re1 Nc4 18. Nxc4 Bxc4 19. Qc2 Qc7 20. Reb1 Rab8 21. Rxb8 Rxb8 22. Rb1 e5 23. Bf1 Bxf1 24. Kxf1 exd4 25. exd4 Re8 26. Qd3 Qd7 27. Qb5 Qe6 28. Kg1 a6 29. Qb7 h5 30. h4 Qe4 31. Rd1 Qf5 32. Qxa6 Re2 33. Qxe2 1-0


[Site "https://www.chess.com"]

[Event "Titled Tuesday Blitz February 22 Early 2022"]
[White "Mohammadian, Mohammad"]
[Black "Thomas, Anysia"]
[WhiteFideId "12566055"]
[BlackFideId "670472"]
[WhiteElo "1543"]
[BlackElo "2002"]
[Result "0-1"]
[Round "04"]
[TimeControl "180+1"]
[Date "2022.02.22"]
[WhiteClock "0:00:29"]
[BlackClock "0:01:31"]

1. e4 c5 2. Nf3 g6 3. d4 cxd4 4. Nxd4 Nc6 5. Be3 Bg7 6. Nc3 Nf6 7. Be2 O-O 8. Qd2 d5 9. exd5 Nxd5 10. Nxd5 Qxd5 11. Bf3 Qe5 12. O-O-O Bf5 13. c3 Qa5 14. Nxf5 Qxf5 15. Qc2 Qa5 16. Kb1 Rac8 17. Bxc6 Rxc6 18. Rd7 Bxc3 19. bxc3 Rxc3 20. Qb2 Qf5+ 21. Ka1 Rxe3 22. Qxb7 Re2 23. Rb1 Qf6+ 24. Rb2 Re1+ 0-1


[Site "https://www.chess.com"]

[Event "Titled Tuesday Blitz February 22 Early 2022"]
[White "Moksh Amit Doshi"]
[Black "Warchol, Kamil"]
[WhiteFideId "25064967"]
[BlackFideId "21858241"]
[WhiteElo "2245"]
[BlackElo "1905"]
[Result "1-0"]
[Round "04"]
[TimeControl "180+1"]
[Date "2022.02.22"]
[WhiteClock "0:01:12"]
[BlackClock "0:00:45"]

1. d4 d6 2. e4 Nf6 3. Nc3 e5 4. Nf3 Nbd7 5. Bc4 Be7 6. O-O c6 7. a4 O-O 8. Re1 Qc7 9. h3 h6 10. Ba2 a5 11. Be3 Rd8 12. Nh4 Nf8 13. Qf3 Be6 14. d5 cxd5 15. exd5 Bd7 16. Nf5 Bxf5 17. Qxf5 Qd7 18. Qf3 Rac8 19. Rac1 Re8 20. Qe2 Bd8 21. Bc4 Qc7 22. Bd3 N8d7 23. Nb5 Qb8 24. Ba7 Qa8 25. Nxd6 Qxa7 26. Nxc8 Qb8 27. c4 Qxc8 28. c5 Nxc5 29. Bb5 Nfd7 30. Bxd7 Qxd7 31. Rxc5 Qxa4 32. d6 Qd4 33. Rxe5 Rf8 34. Rd1 Qa4 35. d7 Qc6 36. Re8 Qc5 37. Rxf8+ Qxf8 38. Qe8 b5 39. Re1 1-0


[Site "https://www.chess.com"]

[Event "Titled Tuesday Blitz February 22 Early 2022"]
[White "Moskvin, Anatoly"]
[Black "Kaplan, Ebru"]
[WhiteFideId "24199990"]
[BlackFideId "6315194"]
[WhiteElo "2079"]
[BlackElo "1941"]
[Result "1-0"]
[Round "04"]
[TimeControl "180+1"]
[Date "2022.02.22"]
[WhiteClock "0:00:11"]
[BlackClock "0:00:40"]

1. e4 c5 2. Nf3 d6 3. d4 cxd4 4. Nxd4 Nf6 5. f3 e5 6. Bb5+ Bd7 7. Bxd7+ Qxd7 8. Nf5 g6 9. Ne3 Nc6 10. Nc3 Bg7 11. Ned5 Nxd5 12. Nxd5 O-O 13. Be3 Rac8 14. Qd2 Nd4 15. c3 Ne6 16. Bxa7 f5 17. Nb6 Qc6 18. Nxc8 Rxc8 19. Qd5 Qxd5 20. exd5 Nf4 21. O-O Nd3 22. a4 Ra8 23. Rfd1 Nxb2 24. Rdb1 Rxa7 25. Rxb2 e4 26. Rb3 e3 27. f4 h6 28. Kf1 g5 29. g3 Ra5 30. Ke2 Rxd5 31. Kxe3 gxf4+ 32. gxf4 Kf7 33. Rxb7+ Kf6 34. a5 Rc5 35. Kd3 Ke6 36. Rxg7 1-0


[Site "https://www.chess.com"]

[Event "Titled Tuesday Blitz February 22 Early 2022"]
[White "Murzin, Volodar"]
[Black "Janaszak, Dawid"]
[WhiteFideId "44155573"]
[BlackFideId "1119206"]
[WhiteElo "2766"]
[BlackElo "2529"]
[Result "0-1"]
[Round "04"]
[TimeControl "180+1"]
[Date "2022.02.22"]
[WhiteClock "0:00:01"]
[BlackClock "0:00:21"]

1. e4 c5 2. Nf3 Nc6 3. Bb5 g6 4. Bxc6 bxc6 5. O-O Bg7 6. c3 Nf6 7. Re1 O-O 8. d3 d6 9. e5 Nd5 10. Nbd2 Bf5 11. Nc4 Rb8 12. h3 Qc7 13. d4 cxd4 14. exd6 exd6 15. Nxd4 Bd7 16. Qf3 Rfe8 17. Bg5 h6 18. Bh4 Nb6 19. Na5 c5 20. Ndc6 Ra8 21. Ne7+ Kh7 22. Qxf7 Bf5 23. Bf6 Rg8 24. Bh4 d5 25. Bg3 Qd7 26. Qxg8+ Rxg8 27. Nxg8 Kxg8 28. Nb3 Na4 29. Rad1 Nxb2 30. Rd2 Nc4 31. Rde2 Bf8 32. Bf4 g5 0-1


[Site "https://www.chess.com"]

[Event "Titled Tuesday Blitz February 22 Early 2022"]
[White "Nakamura, Hikaru"]
[Black "Jobava, Baadur"]
[WhiteFideId "2016192"]
[BlackFideId "13601520"]
[WhiteElo "2850"]
[BlackElo "2617"]
[Result "0-1"]
[Round "04"]
[TimeControl "180+1"]
[Date "2022.02.22"]
[WhiteClock "0:00:21"]
[BlackClock "0:00:24"]

1. Nf3 d5 2. e3 Nf6 3. b3 c6 4. Bb2 Bg4 5. d4 e6 6. Nbd2 Nbd7 7. Bd3 a5 8. a3 a4 9. c4 axb3 10. Qxb3 Qb6 11. Qc2 Be7 12. O-O Bh5 13. Rfb1 Bg6 14. Bxg6 hxg6 15. a4 Qc7 16. h3 O-O 17. Ba3 Bxa3 18. Rxa3 Ra7 19. a5 Rfa8 20. Nb3 Ne4 21. c5 e5 22. Nfd2 Ng5 23. dxe5 Qxe5 24. Nd4 Ne6 25. N2f3 Nxd4 26. exd4 Qc7 27. Rab3 Nf8 28. a6 bxa6 29. Rb6 Nd7 30. Qa4 Nxb6 31. cxb6 Qb8 32. Ne5 Rb7 33. Qa5 Qe8 34. Rb3 Rab8 35. Qxa6 f6 36. Nf3 Qd8 37. Qd3 g5 38. h4 Rxb6 39. Rc3 g4 40. Nd2 Qd6 41. g3 Qe6 42. Rc1 Rb2 43. Nf1 Qe2 44. Qf5 Qf3 45. Qxf3 gxf3 46. Rc3 R8b3 0-1


[Site "https://www.chess.com"]

[Event "Titled Tuesday Blitz February 22 Early 2022"]
[White "Namitbir Singh Walia"]
[Black "Shuvalov, Evgenij"]
[WhiteFideId "35071068"]
[BlackFideId "4187237"]
[WhiteElo "1479"]
[BlackElo "2119"]
[Result "1-0"]
[Round "04"]
[TimeControl "180+1"]
[Date "2022.02.22"]
[WhiteClock "0:01:20"]
[BlackClock "0:00:31"]

1. d4 Nf6 2. c4 g6 3. Nf3 Bg7 4. g3 c6 5. Bg2 d5 6. cxd5 cxd5 7. Nc3 Ne4 8. Qa4+ Nc6 9. Ne5 Nxc3 10. bxc3 O-O 11. Nxc6 bxc6 12. Qxc6 Be6 13. Qa4 Rc8 14. Bd2 Qb6 15. O-O Rc4 16. Qa3 Qc7 17. Rab1 Rd8 18. Qa6 Bc8 19. Qb5 a6 20. Qb6 Qxb6 21. Rxb6 Ra4 22. Ra1 e5 23. Bg5 Re8 24. Bxd5 Be6 25. Bc6 1-0


[Site "https://www.chess.com"]

[Event "Titled Tuesday Blitz February 22 Early 2022"]
[White "Narayanan.S.L"]
[Black "Ibrahimli, Murad"]
[WhiteFideId "5058422"]
[BlackFideId "13410229"]
[WhiteElo "2494"]
[BlackElo "2109"]
[Result "1-0"]
[Round "04"]
[TimeControl "180+1"]
[Date "2022.02.22"]
[WhiteClock "0:02:05"]
[BlackClock "0:00:06"]

1. b3 Nf6 2. Bb2 g6 3. e4 d6 4. d3 Bg7 5. Nd2 O-O 6. Ngf3 e5 7. g3 Nc6 8. Bg2 Nh5 9. O-O f5 10. exf5 Bxf5 11. h3 Bd7 12. Rb1 Bh6 13. Nc4 Qc8 14. Kh2 Nf4 15. gxf4 Bxf4+ 16. Kh1 Bxh3 17. Ng1 Bxg2+ 18. Kxg2 Rf5 19. Nh3 Rh5 20. Rh1 Bh6 21. Ne3 Bxe3 22. fxe3 Ne7 23. e4 Qe6 24. Qf3 Rf8 25. Qg3 h6 26. Rbf1 Rxf1 27. Rxf1 g5 28. Qf3 Rxh3 29. Qxh3 g4 30. Qh4 Ng6 31. Qf6 Qxf6 32. Rxf6 Nf4+ 33. Kf2 g3+ 34. Kf3 g2 35. Kf2 1-0


[Site "https://www.chess.com"]

[Event "Titled Tuesday Blitz February 22 Early 2022"]
[White "Narayanan, Srinath"]
[Black "Vusatiuk, Vladimir"]
[WhiteFideId "5018420"]
[BlackFideId "14118610"]
[WhiteElo "2790"]
[BlackElo "2534"]
[Result "1-0"]
[Round "04"]
[TimeControl "180+1"]
[Date "2022.02.22"]
[WhiteClock "0:00:24"]
[BlackClock "0:00:15"]

1. d4 Nf6 2. Nf3 e6 3. c4 b6 4. g3 Bb7 5. Bg2 Be7 6. O-O O-O 7. a3 Na6 8. Nc3 Ne4 9. Qc2 Nxc3 10. Qxc3 c5 11. Rd1 Rc8 12. d5 d6 13. dxe6 fxe6 14. Qe3 Nc7 15. b3 Bf6 16. Ra2 Qe7 17. Bb2 d5 18. Bxf6 Qxf6 19. Qe5 d4 20. Qxf6 gxf6 21. e3 e5 22. Nh4 Bxg2 23. Kxg2 Rfd8 24. Nf5 Kf7 25. e4 Ne6 26. Rd3 Ng7 27. Nh4 a6 28. f4 b5 29. fxe5 fxe5 30. Nf3 Re8 31. Rf2 Kg8 32. Ng5 bxc4 33. bxc4 Rb8 34. Nf7 Ne6 35. Nxe5 Ng5 36. Nd7 Rbd8 37. Nf6+ Kg7 38. Nxe8+ Rxe8 39. Rb3 Nxe4 40. Rb7+ Kg8 41. Rff7 Nd6 42. Rg7+ Kf8 43. Rbd7 Re2+ 44. Kh3 Re6 45. Rxh7 Rg6 46. Rh8+ Rg8 47. Rxg8+ Kxg8 48. Rxd6 Kf8 1-0


[Site "https://www.chess.com"]

[Event "Titled Tuesday Blitz February 22 Early 2022"]
[White "Necula, Iulian"]
[Black "Lonoff, Marc"]
[WhiteFideId "1232380"]
[BlackFideId "2001349"]
[WhiteElo "1776"]
[BlackElo "2245"]
[Result "0-1"]
[Round "04"]
[TimeControl "180+1"]
[Date "2022.02.22"]
[WhiteClock "0:01:10"]
[BlackClock "0:00:11"]

1. b4 e5 2. Bb2 d6 3. Nf3 f5 4. e3 Nf6 5. c4 Be7 6. d4 e4 7. Nfd2 O-O 8. Be2 c6 9. O-O d5 10. f3 Bxb4 11. fxe4 fxe4 12. cxd5 cxd5 13. Qb3 Nc6 14. a3 Bd6 15. Nc3 Qb6 16. Qxb6 axb6 17. Nb5 Bb8 18. h3 Be6 19. Rac1 Ne8 20. Rxf8+ Kxf8 21. Rf1+ Nf6 22. Bd1 Kg8 23. Bb3 Na5 24. Ba2 Nc4 25. Nxc4 dxc4 26. Bb1 Ra5 27. Nc3 Bd6 28. Bxe4 Bxa3 29. Rb1 Bxb2 30. Rxb2 Ra3 31. Rxb6 Rxc3 32. Rxe6 b5 33. Bc6 b4 34. d5 b3 35. Ba4 b2 36. Rb6 Rc1+ 37. Kh2 b1=Q 38. Rxb1 Rxb1 39. d6 Rb4 40. Bc6 c3 41. d7 Nxd7 42. Bxd7 c2 43. Be6+ Kf8 44. Bf5 c1=Q 45. Bxh7 Qxe3 0-1


[Site "https://www.chess.com"]

[Event "Titled Tuesday Blitz February 22 Early 2022"]
[White "Neiksans, Arturs"]
[Black "Petesch, Gabriel"]
[WhiteFideId "11601388"]
[BlackFideId "2032465"]
[WhiteElo "2827"]
[BlackElo "2565"]
[Result "1/2-1/2"]
[Round "04"]
[TimeControl "180+1"]
[Date "2022.02.22"]
[WhiteClock "0:00:43"]
[BlackClock "0:00:06"]

1. e4 c6 2. d4 d5 3. exd5 Qxd5 4. c4 Qd8 5. Nc3 Nf6 6. h3 Nbd7 7. Nf3 e6 8. Bd3 Bd6 9. O-O O-O 10. Re1 Re8 11. Ne5 c5 12. Nb5 Bb8 13. Nxd7 Bxd7 14. dxc5 Bxb5 15. cxb5 Qc7 16. Be3 Qh2+ 17. Kf1 Qh1+ 18. Ke2 Qxg2 19. Rg1 Qxh3 20. Qa4 Qh5+ 21. Ke1 Be5 22. Rc1 Rad8 23. Be2 Qh2 24. Rf1 Nd5 25. Bg5 Nf4 26. Bxd8 Rxd8 27. Bf3 Nd3+ 28. Ke2 Nf4+ 29. Ke1 Nd3+ 30. Ke2 Nf4+ 31. Ke1 1/2-1/2


[Site "https://www.chess.com"]

[Event "Titled Tuesday Blitz February 22 Early 2022"]
[White "Nithyalakshmi, Sivanesan"]
[Black "Shton, Roman"]
[WhiteFideId "5706955"]
[BlackFideId "14137461"]
[WhiteElo "1815"]
[BlackElo "2038"]
[Result "1-0"]
[Round "04"]
[TimeControl "180+1"]
[Date "2022.02.22"]
[WhiteClock "0:00:04"]
[BlackClock "0:00:57"]

1. e4 Nf6 2. e5 Nd5 3. c4 Nb6 4. c5 Nd5 5. Nc3 e6 6. Bc4 c6 7. d4 b6 8. cxb6 Nxb6 9. Bd3 Be7 10. Qg4 Kf8 11. h4 Ba6 12. Bc2 c5 13. Rh3 cxd4 14. Rg3 g6 15. Bh6+ Kg8 16. Ne4 Bxh4 17. Rf3 Nd5 18. Nd6 f5 19. exf6 Nxf6 20. Qxh4 Nc6 21. Rxf6 Qa5+ 22. Bd2 Qe5+ 23. Ne4 d5 24. Nf3 Qc7 25. Neg5 Nd8 26. Qxd4 Qxc2 27. Rc1 Qd3 28. Qxd3 Bxd3 29. Ne5 Kg7 30. Rf3 Bf5 31. Rc7+ Kf6 32. Ng4# 1-0


[Site "https://www.chess.com"]

[Event "Titled Tuesday Blitz February 22 Early 2022"]
[White "Nosacheva, Mariya"]
[Black "Vifleemskaia, Svetlana"]
[WhiteFideId "34111422"]
[BlackFideId "4129490"]
[WhiteElo "2055"]
[BlackElo "1901"]
[Result "1-0"]
[Round "04"]
[TimeControl "180+1"]
[Date "2022.02.22"]
[WhiteClock "0:00:12"]
[BlackClock "0:00:06"]

1. e3 e5 2. d4 exd4 3. exd4 d5 4. Bd3 Bd6 5. Nc3 Ne7 6. Qh5 c6 7. Nge2 Nd7 8. Bg5 Qc7 9. O-O Nf6 10. Bxf6 gxf6 11. Rfe1 Be6 12. Ng3 O-O-O 13. Bf5 Qd7 14. Bd3 f5 15. Qf3 Rhg8 16. Nh5 Rg6 17. Nf4 Rg4 18. Nce2 Rdg8 19. h3 R4g5 20. Kf1 Ng6 21. g3 Kb8 22. c3 a6 23. b4 Nf8 24. a4 Ka7 25. Reb1 Ng6 26. Qe3 Nxf4 27. Nxf4 Qc7 28. Nxe6 fxe6 29. b5 Ka8 30. bxc6 Qxc6 31. Qxe6 Qc7 32. Qxd5 Bxg3 33. Bxa6 R8g7 34. Rxb7 Bxf2 35. Rxc7+ Kb8 36. Qb7# 1-0


[Site "https://www.chess.com"]

[Event "Titled Tuesday Blitz February 22 Early 2022"]
[White "Nugumanov, Bakhtiyar"]
[Black "Przybylski, Wojciech"]
[WhiteFideId "13701797"]
[BlackFideId "1117599"]
[WhiteElo "2262"]
[BlackElo "2133"]
[Result "0-1"]
[Round "04"]
[TimeControl "180+1"]
[Date "2022.02.22"]
[WhiteClock "0:01:36"]
[BlackClock "0:01:57"]

1. Nf3 Nf6 2. c4 e6 3. g3 b6 4. Bg2 Bb7 5. O-O c5 6. Re1 Be7 7. Nc3 Ne4 8. Nxe4 Bxe4 9. d3 Bc6 10. e4 d6 11. d4 O-O 12. Qe2 cxd4 13. Nxd4 Bb7 14. Be3 Nd7 15. b4 Rc8 16. Rac1 Qc7 17. Nb5 Qb8 18. Bf4 e5 19. Be3 Rfd8 20. Red1 Nf8 21. f4 Qa8 22. fxe5 dxe5 23. Rd7 Rxd7 0-1


[Site "https://www.chess.com"]

[Event "Titled Tuesday Blitz February 22 Early 2022"]
[White "Nur-Mukhametova, Alisa"]
[Black "Vovk, Orest"]
[WhiteFideId "54117739"]
[BlackFideId "14113490"]
[WhiteElo "2015"]
[BlackElo "2203"]
[Result "1-0"]
[Round "04"]
[TimeControl "180+1"]
[Date "2022.02.22"]
[WhiteClock "0:01:02"]
[BlackClock "0:00:24"]

1. Nf3 Nf6 2. g3 h6 3. Bg2 Nh7 4. d4 e6 5. c4 Ng5 6. h4 Nxf3+ 7. Bxf3 Bb4+ 8. Bd2 Bxd2+ 9. Qxd2 d6 10. Nc3 Nc6 11. O-O O-O 12. Bg2 Bd7 13. d5 exd5 14. Nxd5 Re8 15. b3 Rb8 16. e3 Ne7 17. Qd4 Nxd5 18. cxd5 a5 19. Rac1 b5 20. Qc3 b4 21. Qxc7 Qxc7 22. Rxc7 Bb5 23. Rfc1 a4 24. Bh3 Re5 25. Rc8+ Rxc8 26. Rxc8+ Kh7 27. Bg2 a3 28. Rb8 Bd3 29. Rxb4 Re7 30. Ra4 Rc7 31. Rxa3 Rc1+ 32. Kh2 Rc2 33. b4 Rxf2 34. Rxd3 Rxa2 35. Rb3 Ra6 36. b5 Rb6 37. h5 g6 38. Be4 Kg7 39. hxg6 fxg6 40. Bd3 Kf6 41. Rc3 Ke5 42. Rc6 Rb8 43. e4 Kd4 44. Bf1 Ke5 45. b6 g5 46. Ba6 Kxe4 47. Rxd6 Ke5 48. Rxh6 Kxd5 49. b7 Kc5 50. Rg6 g4 51. Rxg4 Kb6 52. Rg6+ Ka7 53. Rc6 Rh8+ 54. Kg2 Rd8 55. Rc8 Rd2+ 56. Kh3 Rb2 57. Ra8+ 1-0


[Site "https://www.chess.com"]

[Event "Titled Tuesday Blitz February 22 Early 2022"]
[White "Obolenskikh, Dmitry"]
[Black "Ginzburg, Yakov"]
[WhiteFideId "4156013"]
[BlackFideId "4157176"]
[WhiteElo "2801"]
[BlackElo "2541"]
[Result "1-0"]
[Round "04"]
[TimeControl "180+1"]
[Date "2022.02.22"]
[WhiteClock "0:00:17"]
[BlackClock "0:00:01"]

1. e4 c5 2. Nf3 e6 3. d4 cxd4 4. Nxd4 Nf6 5. Nc3 Nc6 6. Ndb5 Bb4 7. a3 Bxc3+ 8. Nxc3 d5 9. exd5 exd5 10. Bd3 O-O 11. O-O d4 12. Ne2 h6 13. h3 Re8 14. Re1 b6 15. b4 Bb7 16. Bb2 Qd5 17. f3 Rad8 18. Qd2 Qd6 19. Rad1 a6 20. c3 dxc3 21. Qxc3 Qb8 22. Bc4 Ne5 23. Rxd8 Qxd8 24. Bb3 Nd5 25. Bxd5 Qxd5 26. Nf4 Nxf3+ 27. Kf2 Qg5 28. Rxe8+ Kh7 29. gxf3 Qh4+ 30. Ke3 f6 31. Re7 1-0


[Site "https://www.chess.com"]

[Event "Titled Tuesday Blitz February 22 Early 2022"]
[White "Omariev, Maksim"]
[Black "Mikhailovsky, Vladimir"]
[WhiteFideId "4193423"]
[BlackFideId "34105414"]
[WhiteElo "2505"]
[BlackElo "2371"]
[Result "0-1"]
[Round "04"]
[TimeControl "180+1"]
[Date "2022.02.22"]
[WhiteClock "0:00:03"]
[BlackClock "0:00:11"]

1. g4 h5 2. g5 g6 3. Bg2 d5 4. d4 Bg7 5. Nf3 c5 6. c3 Nc6 7. dxc5 e5 8. b4 e4 9. Nd4 a5 10. b5 Nxd4 11. cxd4 Ne7 12. Bf4 Nf5 13. e3 Nh4 14. Rg1 Bg4 15. Qa4 O-O 16. Nc3 Rc8 17. Qb3 a4 18. Nxa4 Qa5+ 19. Kf1 Qd2 20. Re1 f6 21. Nb6 fxg5 22. Bg3 Rxf2+ 23. Bxf2 Rf8 24. Qxd5+ Kh7 25. Bf3 Rxf3 26. Re2 Rxf2+ 27. Kxf2 Qxe2+ 28. Kg3 Qf3# 0-1


[Site "https://www.chess.com"]

[Event "Titled Tuesday Blitz February 22 Early 2022"]
[White "Orozbaev, Eldiar"]
[Black "Al-Tarboush, Ward"]
[WhiteFideId "13802240"]
[BlackFideId "7601450"]
[WhiteElo "2768"]
[BlackElo "2530"]
[Result "1-0"]
[Round "04"]
[TimeControl "180+1"]
[Date "2022.02.22"]
[WhiteClock "0:00:22"]
[BlackClock "0:00:06"]

1. e4 e6 2. d4 d5 3. exd5 exd5 4. Bd3 Nc6 5. Ne2 Bd6 6. Nbc3 Nb4 7. Bf4 Nxd3+ 8. Qxd3 Ne7 9. O-O-O Bf5 10. Qg3 Bxf4+ 11. Nxf4 O-O 12. h4 c6 13. h5 h6 14. Qf3 b5 15. g4 Bh7 16. Rdg1 b4 17. Nd1 Be4 18. Qg3 Bxh1 19. Rxh1 Qd6 20. Ng6 Qf6 21. Nxf8 Rxf8 22. Re1 Nc8 23. Ne3 Qxd4 24. Nf5 Qf6 25. f4 a5 26. Re5 Nd6 27. Ne7+ Kh8 28. g5 hxg5 29. fxg5 Qf1+ 30. Re1 Ne4 31. Rxf1 Nxg3 32. Rf3 Ne4 33. Ng6+ fxg6 34. Rxf8+ Kh7 35. hxg6+ Kxg6 36. Rc8 c5 37. Rc7 a4 38. a3 bxa3 39. bxa3 d4 40. Ra7 Nc3 41. Kd2 c4 42. Ra5 Kh5 43. Ke1 Kg4 44. g6 d3 45. cxd3 cxd3 46. Kd2 Ne4+ 47. Kxd3 Kf4 48. Rxa4 1-0


[Site "https://www.chess.com"]

[Event "Titled Tuesday Blitz February 22 Early 2022"]
[White "Ovetchkin, Roman"]
[Black "Reprintsev, Alexander"]
[WhiteFideId "4119991"]
[BlackFideId "14100541"]
[WhiteElo "2409"]
[BlackElo "2126"]
[Result "1-0"]
[Round "04"]
[TimeControl "180+1"]
[Date "2022.02.22"]
[WhiteClock "0:00:25"]
[BlackClock "0:00:03"]

1. d4 d5 2. c4 e5 3. dxe5 d4 4. Nf3 Nc6 5. Nbd2 a5 6. g3 Nge7 7. Bg2 Ng6 8. O-O Ngxe5 9. Nxe5 Nxe5 10. Nb3 c5 11. Bf4 Ng6 12. Bd2 a4 13. Nc1 Be6 14. Bxb7 Ra7 15. Bc6+ Bd7 16. Bd5 Bd6 17. Nd3 O-O 18. e4 dxe3 19. Bxe3 Qb6 20. Qh5 Rc8 21. Rfe1 Bc6 22. Rad1 Bxd5 23. Qxd5 Bf8 24. Qf5 Rc6 25. Bd2 Rf6 26. Qh5 Rd6 27. Bc3 Rd8 28. Ne5 Rxd1 29. Rxd1 Qe6 30. Nxg6 hxg6 31. Qd5 Qe2 32. Qd3 Qe6 33. Re1 Qc6 34. Qe4 Qd7 35. Kg2 Kh7 36. h4 Rc7 37. h5 Rc6 38. hxg6+ Rxg6 39. Rh1+ Kg8 40. Rh5 f6 41. Qd5+ Qxd5+ 42. Rxd5 Rh6 43. Rd8 a3 44. bxa3 Rh8 45. a4 Kh7 46. a5 1-0


[Site "https://www.chess.com"]

[Event "Titled Tuesday Blitz February 22 Early 2022"]
[White "Ozates, Tuna"]
[Black "De Souza Sa, Apolo"]
[WhiteFideId "6354521"]
[BlackFideId "324225390"]
[WhiteElo "1872"]
[BlackElo "1828"]
[Result "0-1"]
[Round "04"]
[TimeControl "180+1"]
[Date "2022.02.22"]
[WhiteClock "0:00:13"]
[BlackClock "0:00:15"]

1. c4 Nf6 2. Nc3 g6 3. g3 d5 4. cxd5 Nxd5 5. Bg2 Nb6 6. d4 Bg7 7. Nf3 Nc6 8. e3 O-O 9. O-O Re8 10. Qe2 e5 11. dxe5 Nxe5 12. Rd1 Qe7 13. Nxe5 Bxe5 14. f4 Bg7 15. e4 c6 16. Be3 h5 17. h3 Be6 18. e5 Rad8 19. Ne4 Nc4 20. Bc5 Rxd1+ 21. Rxd1 Qc7 22. b3 Nb6 23. Bd6 Qc8 24. Kh2 Bd5 25. a4 Bxb3 26. Ra1 Bxa4 27. Nc3 Bb3 28. Rxa7 Nd5 29. Qb2 Nxc3 30. Qxc3 Bd5 31. Qb4 Bxg2 32. Kxg2 Qf5 33. Rxb7 Qc2+ 34. Kf3 Qd3+ 35. Kf2 h4 36. Qb3 hxg3+ 37. Kg2 Qf5 38. Kxg3 Bh6 39. Qf3 Ra8 40. Rb8+ Rxb8 41. Bxb8 Qe6 42. Bd6 Qd5 43. Qxd5 cxd5 44. Kf3 f6 45. e6 f5 46. Ke3 Bg7 47. Bc5 Bf6 48. Bd4 Kg7 49. e7 Bxd4+ 50. Kxd4 Kf7 51. Kxd5 Kxe7 52. Ke5 Kf7 53. Kd6 Kf6 54. h4 Kg7 55. Ke7 Kh6 56. Kf6 Kh5 57. Kg7 Kxh4 58. Kxg6 Kg4 59. Kh6 Kxf4 60. Kh5 Kg3 0-1


[Site "https://www.chess.com"]